[Event "44th Chess Olympiad Open 2022"]
[Site "Chennai"]
[Date "2022.08.02"]
[Round "5.29"]
[White "Burgos Figueroa, Carlos E."]
[Black "Fier, Alexandr"]
[Result "0-1"]
[WhiteElo "2164"]
[BlackElo "2567"]
[Annotator "RC"]
[PlyCount "70"]
[EventDate "2022.??.??"]
[TimeControl "60"]

1. e4 c5 2. Nc3 Nc6 3. g3 g6 4. Bg2 Bg7 5. Nge2 d6 6. d3 e5 7. Be3 Nge7 8. Qd2 Nd4 9. h3 Be6 10. f4 Qd7 11. g4 Nxe2 12. Qxe2 exf4 13. Bxf4 h5 14. g5 O-O 15. Nd1 d5 16. c3 c4 17. d4 dxe4 18.
Ne3 Nd5 19. Nxd5 Bxd5 20. O-O Rae8 21. Qe3 f5 22. gxf6 Rxf6 23. Bg5 Rf3 24. Qe2 Ref8 25. Bxf3 exf3 26. Qh2 Rf5 27. Qg3 Bf8 28. Rae1 Bd6 29. Qh4 f2+ 30. Rxf2 Rxf2 31. Qxf2 Qxh3 32. Re8+ Kh7 33. Re4 b5 34. Qe3 Qh2+ 35. Kf1 Qh1+ 0-1

[Event "44th Chess Olympiad Open 2022"]
[Site "Chennai"]
[Date "2022.08.02"]
[Round "5.29"]
[White "Morales Carlos"]
[Black "Diamant, Andre"]
[Result "0-1"]
[WhiteElo "2036"]
[BlackElo "2538"]
[Annotator "RC"]
[PlyCount "44"]
[EventDate "2022.??.??"]
[TimeControl "60"]

1. Nf3 c5 2. c4 Nc6 3. g3 g6 4. Bg2 Bg7 5. O-O e6 6. Nc3 Nge7 7. d4 cxd4 8. Nb5 O-O 9. Nbxd4 d5 10. cxd5 Nxd4 11. Nxd4 Nxd5 12. e4 Nb6 13. Nb5 Bd7 14. Qb3 a6 15. Nc3 Bc6 16. Be3 Nd7 17. a4 Ne5 18. h3 Qd3 19. Rfc1 Rfc8 20. Bf1 Nf3+ 21. Kg2 Nd2 22. Bxd2 Bxe4+ 0-1

[Event "44th Chess Olympiad Open 2022"]
[Site "Chennai"]
[Date "2022.08.02"]
[Round "5.30"]
[White "Kadric, Denis"]
[Black "Rakotomaharo, Fy Antenaina"]
[Result "1/2-1/2"]
[WhiteElo "2554"]
[BlackElo "2490"]
[Annotator "TA"]
[PlyCount "71"]
[EventDate "2022.??.??"]
[TimeControl "60"]

1. e4 e5 2. Nf3 Nc6 3. Bc4 Bc5 4. d3 Nf6 5. O-O d6 6. c3 a6 7. Bb3 Ba7 8. Re1 h6 {[%emt 0:02:32] C54:
Giuoco Piano: 4 c3 Nf6, main lines with 5 d4 and 5 d3.} 9. Nbd2 g5 10. Nf1 g4 {[%emt 0:00:04] White is
slightly better.} 11. N3d2 h5 12. Nc4 $1 h4 (12... d5 $2 13. exd5 Nxd5 14. Nxe5 $18)
13. Be3 Nh5 14. Bxa7 {[%emt 0:03:18] [#]}
Nxa7 $146 ({Better is} 14... Rxa7 $14 15. d4 Qg5) ({
Predecessor:} 14... Rxa7 15. Nce3 Qg5 16. Nd5 g3 17. fxg3 hxg3 18. hxg3 f5 19.
Nxc7+ Kd8 20. Ne6+ Bxe6 21. Bxe6 f4 22. Qg4 Qf6 23. Qf5 Qh6 24. Qh3 Qf8 25.
Qh4+ Nf6 {0-1 (25) Kadric,D (2573)-Ahmadzada,A (2480) Terme Catez 2022}) 15.
Nce3 (15. d4 $16) 15... Qg5 $11 16. Nd5 Kd8 17. g3 Nc6 18. Qd2 Qg6 19. d4 ({
But not} 19. gxh4 $6 Ng7 $11) ({White should play} 19. Nfe3 $16) 19... Ng7 20. Nb4 {[%emt 0:02:00] [#] And now Nxc6+ would win.} Nxb4 21. cxb4 {[%emt 0:00:03] Strongly threatening dxe5.} f6 22. Rac1 Be6 23. Ba4 Rc8 24. d5 Bd7 25. Bxd7 Kxd7 26. Rc4 f5 27. Rec1 fxe4 28. Qc2 Ne8 29. Ne3 Rh7 30. a4 hxg3 31. fxg3 Rf7 32. b5 Rf3 33. bxa6 bxa6 (33... Rxe3 $2 34. axb7 Re1+ 35. Rxe1 $18) 34. Rc3 ({Not} 34. Qxe4 $2 Qxe4 35. Rxe4 Nf6 36. Rxg4 Nxg4 37. Nxg4 Rd3 $19) 34...
Ke7 35. Qe2 {[%emt 0:02:35] White has compensation.} Rb8 36. Ng2 {[%emt 0:09:32] Weighted Error Value: White=0.14 (very
precise) /Black=0.10 (very precise)} 1/2-1/2

[Event "44th Chess Olympiad Open 2022"]
[Site "Chennai"]
[Date "2022.08.02"]
[Round "5.30"]
[White "Blagojevic, Dragisa"]
[Black "Razanadrakotoarisoa, Toavina"]
[Result "1-0"]
[WhiteElo "2499"]
[BlackElo "2039"]
[Annotator "RC"]
[PlyCount "85"]
[EventDate "2022.??.??"]
[TimeControl "60"]

1. d4 Nf6 2. c4 e6 3. g3 c5 4. d5 exd5 5. cxd5 d6 6. Nc3 g6 7. Bg2 Bg7 8. Nf3 O-O 9. O-O Re8 10. h3 a6 11. a4 Ne4 12. Nxe4 Rxe4 13. Nd2 Rb4 14. Qc2 Nd7 15. Ra2 b5 16. axb5 Rxb5 17. Nc4 Qe7 18. Na5 f5 19. Nc6 Qf8 20. Bf4 Bb7 21. e4 fxe4 22. Qxe4 Re8 23. Bxd6 Rxe4 24. Bxf8 Re2 25. Bxg7 Kxg7 26. Rb1 Rd2 27. Nd8 Bc8 28. Nc6 Bb7 29. Nd8 Bc8 30. Ne6+ Kg8 31. Nc7 Rb6 32. Bf1 Ne5 33. Ra3 Rf6 34. f4 Nf7 35. b4 Bf5 36. Rbb3 Bc2 37. Rb2 cxb4 38. Rxb4 Nd6 39. Ra2 Nf5 40. Ne6 Nxg3 41. Rb8+ Kf7 42. Rb7+ Kg8 43. Rxa6 1-0

[Event "44th Chess Olympiad Open 2022"]
[Site "Chennai"]
[Date "2022.08.02"]
[Round "5.30"]
[White "Andrianiaina, Heritiana"]
[Black "Djukic, Nikola"]
[Result "0-1"]
[WhiteElo "2095"]
[BlackElo "2526"]
[Annotator "RC"]
[PlyCount "132"]
[EventDate "2022.??.??"]
[TimeControl "60"]

1. d4 g6 2. c4 Bg7 3. Nf3 d6 4. Nc3 Nd7 5. e3 e5 6. Be2 Ngf6 7. O-O O-O 8. b3 Re8 9. dxe5 dxe5 10. Bb2 e4 11. Nd4 c6 12. Qc2 Qa5 13. Rfd1 Qg5 14. Bf1 h5 15. b4 h4 16. h3 Nf8 17. Kh1 Bd7 18. a3 Rad8 19. Rac1 Qe5 20. b5 Qc7 21. a4 g5 22. bxc6 bxc6 23. Nde2 Ng6 24. Ba3 Bf8 25. Bxf8 Kxf8 26. Qb2 Ne5 27. Qa3+ Kg7 28. Ng1 Qa5 29. Rd4 c5 30. Rd2 Be6 31. Rxd8 Rxd8 32. Qa1 Qc7 33. Nb5 Qb8 34. Rb1 a6 35. Nd4 Qd6 36. Nxe6+ Qxe6 37. Rd1 Rxd1 38. Qxd1 g4 39. Qc2 Qf5 40. hxg4 Nfxg4 41. Nh3 Nxe3 42. Qc1 N3g4 43. Kg1 Nd7 44. Be2 Nge5 45. Qe3 Nf6 46. Kf1 Nc6 47. Qf4 Qxf4 48. Nxf4 Nd4 49. Ke1 Nd7 50. Nd5 a5 51. Bf1 f5 52. Kd2 Ne5 53. Nb6 Kf7 54.
g3 hxg3 55. fxg3 Kf6 56. Ke3 Kg5 57. Bh3 Ndf3 58. g4 Nxg4+ 59. Bxg4 Kxg4 60. Nd7 Ng5 61. Nxc5 f4+ 62. Kf2 e3+ 63. Ke2 Kg3 64. Nb3 Ne4 65. Nd4 Nc3+ 66. Kd3 Nxa4 0-1

[Event "44th Chess Olympiad Open 2022"]
[Site "Chennai"]
[Date "2022.08.02"]
[Round "5.30"]
[White "Rakotomaharavo, Dylan"]
[Black "Sukovic Andrej"]
[Result "1/2-1/2"]
[WhiteElo "1948"]
[BlackElo "2294"]
[Annotator "NA RC"]
[PlyCount "95"]
[EventDate "2022.??.??"]
[TimeControl "60"]

1. e4 c5 2. Nf3 d6 3. d4 cxd4 4. Nxd4 Nf6 5. f3 e5 6. Nb3 d5 7. Bg5 d4 8. c3 Nc6 9. Bb5 Qb6 10. Bxc6+ bxc6 11. cxd4 Ba6 12. Na3 Rd8 13. Rc1 exd4 14. Nc4 Qb5 15. Bd2 Be7 16. Nba5 Rc8 17. O-O O-O 18. b4 Nd7 19. a3 Nb6 20. Re1 c5 21. bxc5 Nxc4 22. Rxc4 Bxc5 23. Rxc5 Rxc5 24. Bb4 d3 25.
Kh1 Rc2 26. Nb3 Rd8 27. Rg1 Bc8 28. Na1 Ra2 29. Nb3 Rc2 30. Na1 Ra2 31. Nb3 Qc4 32.
Nd2 Qc7 33. Qa4 Qd7 34. Qa5 Rc2 35. Qg5 h6 36. Qh5 Qc6 37.
Qa5 Qb6 38. Qxb6 axb6 39. Rd1 Be6 40. Kg1 Rdc8 41. Kf2 Bc4 42.
Ke3 b5 43. h4 f5 44. exf5 Re8+ 45. Kd4 Rd8+ 46. Ke3 Re8+ 47. Kd4 Rd8+ 48. Ke3 1/2-1/2

[Event "44th Chess Olympiad Open 2022"]
[Site "Chennai"]
[Date "2022.08.02"]
[Round "5.31"]
[White "Ashiku, Franc"]
[Black "Rahman, Ziaur"]
[Result "0-1"]
[WhiteElo "2422"]
[BlackElo "2424"]
[Annotator "RC"]
[PlyCount "62"]
[EventDate "2022.??.??"]
[TimeControl "60"]

1. d4 d5 2. c4 e6 3. Nc3 Nf6 4. Nf3 c6 5. Bg5 h6 6. Bh4 dxc4 7. e4 g5 8. Bg3 b5 9. Be2 Bb7 10. Qc2 Nbd7 11. O-O Nh5 12. Rad1 Nxg3 13. hxg3 Qb6 14. Rfe1 Bg7 15. e5 Bf8 16. b3 cxb3 17. Qxb3 Be7 18. Nd2 O-O 19. Bg4 Rad8 20. Nf3 Kg7 21. Qc2 b4 22. Na4 Qb5 23. Rc1 c5 24. Nxc5 Nxc5 25. dxc5 Rc8 26. Nd4 Qxc5 27. Qd3 Qxc1 28. Rxc1 Rxc1+ 29. Kh2 Bd5 30. Bh5 Rd8 31. Nb5 Rh1+ 0-1

[Event "44th Chess Olympiad Open 2022"]
[Site "Chennai"]
[Date "2022.08.02"]
[Round "5.31"]
[White "Murshed, Niaz"]
[Black "Mehmeti, Dritan"]
[Result "1/2-1/2"]
[WhiteElo "2413"]
[BlackElo "2371"]
[Annotator "RC"]
[PlyCount "62"]
[EventDate "2022.??.??"]
[TimeControl "60"]

1. d4 Nf6 2. c4 e6 3. Nf3 d5 4. Nc3 Bb4 5. Bg5 h6 6. Bxf6 Qxf6 7. e3 Nc6 8.
Rc1 O-O 9. a3 Bxc3+ 10. Rxc3 dxc4 11. Bxc4 e5 12. Nxe5 Nxe5 13. dxe5 Qxe5 14. O-O c6 15. f4 Qe7 16. f5 Qe5 17. Qg4 b5 18. Ba2 c5 19. Qf3 b4 20. Rc2 Rb8 21. Bd5 Ba6 22. Rfc1 bxa3 23. bxa3 Rfc8 24. e4 Bb7 25. Qc3 Qxc3 26. Rxc3 Bxd5 27. exd5 Rb5 28. d6 Kf8 29. d7 Rd8 30. Rxc5 Rxc5 31. Rxc5 Rxd7 1/2-1/2

[Event "44th Chess Olympiad Open 2022"]
[Site "Chennai"]
[Date "2022.08.02"]
[Round "5.31"]
[White "Hossain, Enamul"]
[Black "Pasko, Llambi"]
[Result "1-0"]
[WhiteElo "2377"]
[BlackElo "2418"]
[Annotator "RC"]
[PlyCount "95"]
[EventDate "2022.??.??"]
[TimeControl "60"]

1. e4 c6 2. d4 d5 3. e5 Bf5 4. Nd2 e6 5. Nb3 Nd7 6. Nf3 h6 7. Be2 Ne7 8. O-O g5 9. a4 Ng6 10. Ne1 h5 11. Bxh5 g4 12. Bxg4 Qh4 13. h3 Bxg4 14. Qxg4 Qh7 15. Nf3 Ne7 16. c3 Qc2 17. Nbd2 Bh6 18. Ne1 Qh7 19. Ndf3 Bxc1 20. Rxc1 O-O-O 21. Ng5 Qg6 22. f4 Nf5 23. Rf2 c5 24. Qf3 Kb8 25. Qd3 Qg7 26. a5 Rc8 27. Rfc2 Nf8 28. a6 c4 29. Qf3 bxa6 30. b3 cxb3 31. Rb1 Nd7 32. Rxb3+ Nb6 33. Ra2 Rc6 34. Nd3 Rhc8 35. Nb4 Rc4 36. Nxa6+ Ka8 37. Nc5 Rc6 38. Qd1 f6 39. exf6 Qxf6 40. Qa1 Qe7 41. Ngxe6 Kb8 42. Qe1 R6xc5 43. dxc5 Re4 44. Qf2 Qxe6 45.
cxb6 a6 46. b7 d4 47. Rb1 dxc3 48. Qa7+ 1-0

[Event "44th Chess Olympiad Open 2022"]
[Site "Chennai"]
[Date "2022.08.02"]
[Round "5.31"]
[White "Veleshnja, Zino"]
[Black "Mehdi Hasan Parag"]
[Result "0-1"]
[WhiteElo "2263"]
[BlackElo "2227"]
[Annotator "NA RC"]
[PlyCount "74"]
[EventDate "2022.??.??"]
[TimeControl "60"]

1. d4 Nf6 2. c4 e6 3. g3 d5 4. Bg2 Bb4+ 5. Bd2 a5 6. Nf3 O-O 7. O-O dxc4 8.
Bxb4 axb4 9. Ne5 Nc6 10. Nxc6 bxc6 11. e3 Nd5 12. Qc1 Ba6 13. Rd1 Bb5 14. Bf1 Nb6 15. Nd2 Qd5 16. Bg2 Qh5 17. Bf1 c5 18. Bg2 cxd4 19. exd4 Rad8 20. Ne4 Nd5 21. Qc2 Qg6 22. Qd2 h6 23. a4 Bc6 24. Qe2 Ne7 25. Nc5 Bxg2 26. Kxg2 c3 27. bxc3 bxc3 28. Qf3 c2 29. Rd3 Nf5 30. Qe4 Rd5 31. Kg1 Rfd8 32. Nb3 Nxd4 33. Rxd4 Rxd4 34. Qc6 Rd1+ 35. Kg2 R8d5 36. Qc4 Rb1 37. Ra2 Rxb3 0-1

[Event "44th Chess Olympiad Open 2022"]
[Site "Chennai"]
[Date "2022.08.02"]
[Round "5.32"]
[White "Thybo, Jesper Sondergaard"]
[Black "Liu, Yeh Yang"]
[Result "1/2-1/2"]
[WhiteElo "2520"]
[BlackElo "1994"]
[Annotator "RC"]
[PlyCount "84"]
[EventDate "2022.??.??"]
[TimeControl "60"]

1. Nf3 d5 2. g3 Nf6 3. Bg2 c5 4. O-O Nc6 5. d4 cxd4 6. Nxd4 e5 7. Nxc6 bxc6 8. c4 Be6 9. Qa4 Qd7 10. Nc3 Rb8 11. cxd5 cxd5 12. Qxd7+ Kxd7 13. Rd1 Bc5 14. Nxd5 Nxd5 15. Bxd5 Rhd8 16. Bf3+ Ke7 17. e3 Rxd1+ 18. Bxd1 Rd8 19. Be2 Bh3 20. f3 f5 21. Kf2 f4 22. b4 Bb6 23. a4 a6 24. a5 Ba7 25. gxf4 exf4 26. Bxa6 Rd1 27. Ke2 Rh1 28. b5 Bf1+ 29. Kf2 Bc5 30. Ba3 fxe3+ 31. Kg3 Rg1+ 32. Kh4 Bxa3 33. Rxa3 e2 34. Re3+ Kf6 35. b6 g5+ 36. Kh5 Rg2 37. b7 Rxh2+ 38. Kg4 h5+ 39. Kg3 Rg2+ 40. Kh3 Rf2+ 41. Kg3 Rg2+ 42. Kh3 Rf2+ 1/2-1/2

[Event "44th Chess Olympiad Open 2022"]
[Site "Chennai"]
[Date "2022.08.02"]
[Round "5.32"]
[White "Haubro, Martin"]
[Black "Wu, Bing-Shen"]
[Result "1-0"]
[WhiteElo "2411"]
[BlackElo "1660"]
[Annotator "RC"]
[PlyCount "79"]
[EventDate "2022.??.??"]
[TimeControl "60"]

1. e4 d6 2. d4 Nf6 3. Nc3 g6 4. Be3 Bg7 5. Qd2 O-O 6. f3 c6 7. O-O-O b5 8. g4 b4 9. Nce2 Nbd7 10. Qxb4 Rb8 11. Qa3 Nb6 12. Nc3 Be6 13. b3 Qc7 14. Ba6 Bc8 15. Nge2 Nfd7 16. h4 Ra8 17. h5 Nb8 18. Bd3 a5 19. Kb1 a4 20. Qc1 Rd8 21. hxg6 fxg6 22. Rh4 N8d7 23. f4 Nf8 24. f5 e6 25. Rf1 Rd7 26. f6 Bh8 27. Bh6 axb3 28. cxb3 Rf7 29. Bxf8 Kxf8 30. g5 e5 31. Qe3 Ba6 32. Bxa6 Rxa6 33. dxe5 dxe5 34. Qc5+ Kg8 35. Rc1 Nc8 36. Nd5 Qd8 37. Ne3 Qd3+ 38. Rc2 Rfa7 39. Qc4+ Qxc4 40. Nxc4 1-0

[Event "44th Chess Olympiad Open 2022"]
[Site "Chennai"]
[Date "2022.08.02"]
[Round "5.32"]
[White "Hsu, Hsuan-Ming"]
[Black "Rasmussen, Allan Stig"]
[Result "0-1"]
[WhiteElo "1900"]
[BlackElo "2550"]
[Annotator "TA"]
[PlyCount "50"]
[EventDate "2022.??.??"]
[TimeControl "60"]

1. e4 c6 2. d4 d5 3. e5 Bf5 4. Nc3 e6 5. g4 Bg6 6. Nge2 c5 7. h4 h5 8. Nf4 Bh7 9. Nxh5 (9. Bb5+
Nc6 $11) 9... Nc6 {[%emt 0:01:39] 9...cxd4 is not played anymore. B12:
Caro-Kann: Advance Variation.} 10. dxc5 Bxc5 11. Bg5 {[%emt 0:02:38] now scores much better than the old 11. Bb5.} Qb6 {
[%emt 0:12:25] Black has compensation. The position is equal.} 12. Qd2 {
[%emt 0:00:25] [#]} Kf8 $146 (12... Qxb2 $11 13. Rb1 Qxc2 14.
Qxc2 Bxc2) ({Predecessor:} 12... Nd4 13. O-O-O Bxc2 14. Nxg7+ Kf8 15. Nh5 Rc8
16. Rh3 Rxh5 17. gxh5 Ba3 18. bxa3 Rxc3 {0-1 (25) Garrido Outon,A (2436)-Gines
Esteo,P (2455) Gijon 2022}) 13. O-O-O $14 Qa5 {
[%emt 0:11:50] [#]} (13... Nb4 $14) 14. Rh3 (14. Nxg7 $1 $16 {
Threatens to win with Bf6.} Kxg7 15. Bf6+ Nxf6 16. exf6+ Kg8 17. h5 (17. Qh6 $2
Bf8 $19)) 14... d4 $1 $11 15. Nxg7 Kxg7 16. Bf6+ $1 Nxf6 (16... Kf8
$5 17. Bxh8 dxc3 18. Qxc3 Nb4 $11) 17. exf6+ Kf8 {[%emt 0:04:21] [#]} (17... Kg8 $1 $11 18. Qg5+ (18. Qh6 $2 Bf8 $19) 18...
Bg6) 18. Qh6+ (18. Qg5 $1 $16 Ke8 19. Bb5) 18... Ke8 $15 19. Qg7 {[%emt 0:01:12] [#]} Rf8 {[%emt 0:03:05] ...Bxc2 is
the strong threat.} 20. Qxh7 {[%emt 0:01:28] Black must now prevent Nb5.} dxc3 21. Rxc3 Bb4 $2 {[%emt 0:12:31] [#]} (21...
Rd8 $15 {keeps the upper hand.} 22. Rcd3 (22. Rxd8+ Kxd8 23. Bg2 Kc7 $15) 22...
Bd4) 22. Re3 $2 ({Wrong is} 22. Qd3 $2 Rd8 23. Qxd8+ Nxd8 $19)
(22. Rxc6 $1 $18 bxc6 23. Qe4) 22... Qxa2 $40 {[%emt 0:02:34][%cal Ra2a1]
Black attacks with force. Really sharp!} 23. c4 {[%emt 0:00:07] [#]} (23. c3
$17 {is the only way for White.} Bc5 24. Red3) 23... Rd8 $1 $19 24. Rxd8+ $2 (24. Red3 Qxc4+ 25. Kb1 Rxd3 26. Qxd3 Qxd3+ 27.
Bxd3) 24... Kxd8 25. h5 (25. Rd3+ $142 Kc7
26. Bg2) 25... Qa1+ {[%emt 0:00:59] Weighted Error Value: White=1.12/Black=0.44
} 0-1

[Event "44th Chess Olympiad Open 2022"]
[Site "Chennai"]
[Date "2022.08.02"]
[Round "5.32"]
[White "Yan, Austin K"]
[Black "Andersen, Mads"]
[Result "0-1"]
[WhiteElo "1568"]
[BlackElo "2587"]
[Annotator "TA"]
[PlyCount "72"]
[EventDate "2022.??.??"]
[TimeControl "60"]

1. e4 e5 2. Nf3 Nc6 3. Bc4 Nf6 4. d3 Bc5 5. c3 a6 6. Bb3 Ba7 7. h3 {[%emt 0:03:32] C54: Giuoco Piano: 4 c3 Nf6,
main lines with 5 d4 and 5 d3.} d5 8. Qe2 (8.
exd5 {seems wilder.} Nxd5 9. O-O O-O 10. Qe2) 8... dxe4 9.
dxe4 {[%emt 0:00:08] The position is equal.} Qe7 10. Nbd2 Be6 11. Bc2 O-O-O {[%emt 0:
00:00] [#]} 12. Nf1 $146 ({Predecessor:} 12. Nc4 Qc5 13. Na3
Nh5 14. g3 f6 15. Be3 Qe7 16. Bxa7 Nxa7 17. Nc4 Kb8 18. h4 {1-0 (73) Kahl,F 
(2338)-Wittal,W (2016) LSS email 2016}) 12... Nh5 13. g3 $1 {
[%emt 0:03:04] Inhibits Nf4.} f6 14. Be3 Qf7
{[%emt 0:25:05] [#] Threatens to win with ...Bc4.} 15. Bxa7 Nxa7 16. Ne3 g6 17. Kf1 Rd6 18. Kg2 Rhd8 19. a4 Nc6 20. b4 a5 $1 21. b5 Nb8 22. c4 {[%emt 0:00:00] Hoping for Qe1.}
Nd7 23. Nd5 b6 24. Rhd1 Nc5 25. Rd2 (25. Nd2 $11) 25... Qd7 26. Ng1 Kb7 27. Qe3 Qf7 28. Nf3 Bc8 29. Rad1 Ng7 30. Qh6 Nge6 31. Qh4 $2 {[%emt 0:00:34] White does not
recover from this.} (31. Kg1 $15) 31... h5 $19 {[%emt 0:00:08] ...g5 is the
strong threat.} 32. Qxf6 {[%emt 0:00:00] [#]} (32. g4 g5 33. Qg3 (33. Qxh5 $2
Qg7 $19)) 32... Nf4+ $1 {[%emt 0:00:00] Discovered Attack. Black is clearly
winning.} 33. gxf4 (33. Qxf4 exf4) 33... Rxf6 34. Nxe5 Qe6 35. Nxf6 Rxd2 36. Rxd2 Qxf6 {[%emt 0:00:11] Weighted Error
Value: White=0.55/Black=0.05 (flawless)} 0-1

[Event "44th Chess Olympiad Open 2022"]
[Site "Chennai"]
[Date "2022.08.02"]
[Round "5.33"]
[White "Amin, Bassem"]
[Black "Silva, David"]
[Result "1-0"]
[WhiteElo "2680"]
[BlackElo "2315"]
[Annotator "TA"]
[PlyCount "71"]
[EventDate "2022.??.??"]
[TimeControl "60"]

1. Nf3 d5 2.
c4 c6 3. g3 Nf6 4. Bg2 Bf5 5. cxd5 cxd5 6. Qb3 Qb6 7. Qxb6 axb6 8. d3 Nc6 9.
Nc3 e5 {[%emt 0:03:30] A11: English Opening: 1...c6.} 10. O-O h6 {[%emt 0:04:50] [#]} 11. Nh4 $5 {[%emt 0:22:12] A
promising side line.} (11. Nxd5 $1 $14 Nxd5 12. e4) 11... Be6 {[%emt 0:01:20]
The position is equal.} 12. f4 {[%emt 0:00:14] [#]} exf4 $146 ({Predecessor:} 12... Bc5+ 13. Kh1 d4 14. Nb5 Rxa2 15. Rxa2 Bxa2 16. fxe5 Nxe5
17. Bf4 Nc6 18. Ra1 Nb4 {1-0 (44) Le Roux,J (2559)-Hasenohr,B (2141) Biel 2012}
) 13. gxf4 (13. Rxf4 $11 Bc5+ 14. e3) 13... d4 (13... Bc5+ $17 14. Kh1 d4) 14. f5 $36 {[%emt 0:05:24] White fights for an
advantage.} Bb3 15. Nb5 Kd7 {[%emt 0:02:23]
Prevents Nc7.} 16. Bxc6+ bxc6 17. Nxd4 Bc5 18. Nhf3 Bxa2 19. Bd2 Ra4 {[%emt 0:02:56] [#]} (19... Rhe8 $11 {
remains equal.}) 20. Bc3 (20. Ne5+ $1 $16 Kc7 {[#]} 21. Nexc6
$1) 20... Nd5 21. e4 Nxc3 22. bxc3 Re8 {[%emt 0:00:33] Against Ne5+} 23. Rf2 Rea8 $1 24. Ne5+ Ke8 {[%emt 0:00:38]
Hoping for ...Rxd4.} 25. Nexc6 {[%emt 0:02:08] White is more active.} f6 (25... Bb3 $14 26. Rc1 Rc8) 26. Rb2 Bf7 27. Rxa4 Rxa4 28. Kg2 Kd7 {[%emt 0:02:16] Against Ne6} 29. Nb4 {[%emt 0:00:22] Pair
of Knights!} Ra1 30. Nf3 (30. Ne2 $16) 30...
Ra3 $14 31. e5 fxe5 32.
Nxe5+ Ke8 33. c4 {[%emt 0:03:48] Threatens
to win with Nbc6.} Ra1 ({Better is} 33... Bd4 $14 34. Re2 Bxe5
) 34. Nbc6 $18 Ra4 (34... Bg8 $142 35. d4 Bd6
) 35. Kf3 h5 36. Ke4 {[%emt 0:00:00]
Weighted Error Value: White=0.15 (very precise) /Black=0.27 (precise)} 1-0

[Event "44th Chess Olympiad Open 2022"]
[Site "Chennai"]
[Date "2022.08.02"]
[Round "5.33"]
[White "Fawzy, Adham"]
[Black "Junior, Domingos"]
[Result "1-0"]
[WhiteElo "2471"]
[BlackElo "2107"]
[Annotator "RC"]
[PlyCount "89"]
[EventDate "2022.??.??"]
[TimeControl "60"]

1. e4 c6 2. d4 d5 3. e5 Bf5 4. h4 h5 5. Bd3 Bxd3 6. Qxd3 e6 7. Bg5 Qb6 8. Nd2 Ne7 9. c4 Nf5 10. Ngf3 dxc4 11. Nxc4 Bb4+ 12. Ke2 Qa6 13. a3 Be7 14. a4 Nd7 15. a5 f6 16. Bf4 Rd8 17. exf6 gxf6 18. Rhd1 Qb5 19. Ne3 Qxb2+ 20. Kf1 Nxe3+ 21. Qxe3 Qb5+ 22. Kg1 Qd5 23.
Rab1 b5 24. axb6 Nxb6 25. Bc7 Nc4 26. Qd3 Rc8 27. Qg6+ Kd7 28.
Bg3 Nd6 29. Bxd6 Qxd6 30. Ne5+ Kc7 31. Nf7 Rcg8 32. Rb7+ Kxb7 33. Nxd6+ Bxd6 34. Rb1+ Ka8 35. Qe4 Rc8 36.
Qxe6 Bb8 37. d5 Be5 38. dxc6 Rc7 39. Qd5 Rhc8 40. Rc1 Rb8 41. g3 a6 42. f4 Bb2 43. Rc2 Ka7 44. Qc5+ Ka8 45. Qd6 1-0

[Event "44th Chess Olympiad Open 2022"]
[Site "Chennai"]
[Date "2022.08.02"]
[Round "5.33"]
[White "Miguel, Sergio"]
[Black "Adly, Ahmed"]
[Result "0-1"]
[WhiteElo "2274"]
[BlackElo "2582"]
[Annotator "TA"]
[PlyCount "80"]
[EventDate "2022.??.??"]
[TimeControl "60"]

1. e4 c5 2. Nf3 Nf6 3. e5 Nd5 4. Nc3 Nxc3 5. dxc3 Nc6 6. Bf4 Qc7 {[%emt 0:00:18] B29: Sicilian: 2 Nf3 Nf6 
(Nimzowitsch Variation).} 7. Qd2 e6 $1 8. O-O-O h6 {[%emt 0:00:09] The position is equal.} 9.
h4 Rb8 $5 {[%emt 0:00:03][%cal Ya8b8,Yb8b6,Yb6a6,Ya6a4] [#] A
promising side line.} 10. h5 $146 ({Predecessor:} 10. Qe3 b5
11. Nd2 Qa5 12. a3 b4 13. Nc4 Qc7 14. cxb4 cxb4 15. Nd6+ Bxd6 16. Rxd6 {
0-1 (55) Iordachescu,V (2585)-Adly,A (2596) Sharjah 2022}) 10... b5 11. Rh4 c4 12. Bg3 Qa5 13. Kb1 Rb6 14. Qc1 b4 15. cxb4 (15. Nd2 $1 $14
Ba6 16. Nxc4 Bxc4 17. Rxc4 (17. Bxc4 bxc3 18. b3 Be7 $11)) 15... Nxb4 $17 16. Bxc4 {[%emt 0:06:40] [#]} Nxa2 17. Bxa2 Ra6 $40 {[%emt 0:00:03][%csl Ga6]
[%cal Ra5a2] White needs to defend precisely.} 18. c3 Qxa2+ 19. Kc2 Bb7 20. Rd2 ({Much worse is} 20. Qd2 Bd5 21. Kd3 Qb3 $17) (20. Qb1 $15) 20... Be7 {
[%emt 0:03:49] Strongly threatening ...Bxf3.} 21. Rg4 Ra4 22. Rdd4 Rxd4 23. Nxd4 Bxg2 {[%emt 0:02:04] This bishop pair is nice.} 24. Bh4 Bxh4 25. Rxh4 Qa4+ (25... Bd5 $17 {...0-0 is the strong threat.} 26. Rg4 g5 27. hxg6 fxg6)
26. Kd3 $2 ({White has to play} 26. Kd2 $15 Bd5 27. Qg1) 26...
Bb7 ({Stronger than} 26... Bd5 27. c4
Bb7 28. Rg4 $17) 27. Qg1 Rg8 (27... O-O $19 {
Threatens to win with ...Qa2.} 28. Rg4 Kh8 29. Rxg7 d6 30. exd6 Qa6+ 31. c4
Qxd6) 28. Rg4 $1 $11 Ba6+ 29. Kd2 Qc4 30. Qg3 {[%emt 0:03:32] Prevents Qd3+.} Qf1 31. Qf3 {[%emt 0:01:14] And now Qa8+ would win.} Ke7 32. Kc2 (32. Qe3 $11) 32... Rb8 $1 $15 {[%emt 0:05:45]
[%cal Ya6d3] Chess con chili.} 33. Rxg7 $4 {[%emt 0:00:00] [#]} (33. b4 $15)
33... Bd3+ $1 $19 34. Kd2 (34. Qxd3 Rxb2+)
34... Rxb2+ 35. Ke3 Bf5 $1 36. Nxf5+ exf5 37. Rxf7+ Kxf7 38. Qd5+ Ke7 {[%emt 0:01:35] ( -> ...
Qe1+)} 39. Qd6+ Ke8 40. Qg6+ Kd8 {[%emt 0:00:02] Weighted Error Value: White=0.88/Black=0.44} 0-1

[Event "44th Chess Olympiad Open 2022"]
[Site "Chennai"]
[Date "2022.08.02"]
[Round "5.33"]
[White "Lutuima, Amaro"]
[Black "Wageih, Kareim"]
[Result "0-1"]
[WhiteElo "2048"]
[BlackElo "2387"]
[Annotator "RC"]
[PlyCount "76"]
[EventDate "2022.??.??"]
[TimeControl "60"]

1. e4 c5 2. Nf3 e6 3. d4 cxd4 4. Nxd4 Nc6 5. Nxc6 bxc6 6. Bd3 Nf6 7. O-O d5 8. Nd2 Qc7 9. Qe2 Bd6 10. h3 O-O 11. Re1 e5 12. c4 d4 13. Nf1 Nd7 14. Bd2 a5 15. Rad1 Rb8 16. Rb1 Bb4 17. a3 Bxd2 18. Nxd2 Nc5 19. b4 Na4 20. Qf3 Nc3 21. Rb2 axb4 22. axb4 Qa7 23. c5 Be6 24. Qg3 Qa3 25. Rc2 Rfe8 26. f4 exf4 27. Qxf4 Na2 28. Bc4 Nxb4 29. Bxe6 fxe6 30. Nb1 Qa7 31. Qd2 Nxc2 32. Qxc2 Rb5 33. Rc1 Reb8 34. Nd2 Rb2 35. Qd3 Qa2 36. Qg3 Rf8 37. Nf3 Rb1 38. Re1 d3 0-1